 Dungeon Crawl Stone Soup version 0.26.1-11-gd32895ea62 (webtiles) character file.

Game seed: 9512507916568658606

374 adizb the Spear-Bearer (level 6, -5/51 HPs)
             Began as a Minotaur Fighter on June 27, 2021.
             Killed from afar by an orc wizard (7 damage)
             ... with a puff of flame
             ... on level 4 of the Dungeon.
             The game lasted 00:15:47 (2711 turns).

adizb the Spear-Bearer (Minotaur Fighter)           Turns: 2711, Time: 00:15:48

Health: -5/51      AC:  6    Str: 20 (22) XL:     6   Next: 43%
Magic:  5/5        EV:  8    Int:  2 (5)  God:
Gold:   157        SH: 10    Dex:  8 (10) Spells: 5/5 levels left

rFire    . . .     SeeInvis .   a - +0 trident
rCold    + . .     Faith    .   c - +1 kite shield
rNeg     + . .     Spirit   .   i - +1 ring mail {rN+}
rPois    .         Reflect  .   (helmet restricted)
rElec    .         Harm     .   (no cloak)
rCorr    +         Rampage  .   (no gloves)
Will     .....                  (no boots)
Stlth    ..........             (no amulet)
HPRegen  0.17/turn              h - ring of protection from cold
MPRegen  0.09/turn              f - ring of resist corrosion

@: mighty, lethally poisoned (-5 -> -27)
A: retaliatory headbutt, horns 2
a: no special abilities


You were on level 4 of the Dungeon.
You visited 1 branch of the dungeon, and saw 4 of its levels.

You collected 157 gold pieces.

Inventory:

Hand Weapons
 a - a +0 trident (weapon)
 j - a +0 spear
Missiles
 o - a throwing net (quivered)
Armour
 c - a +1 kite shield (worn)
 i - a +1 ring mail of positive energy (worn)
Jewellery
 f - a ring of resist corrosion (right hand)
 h - a ring of protection from cold (left hand)
Wands
 g - a wand of polymorph (1)
 p - a wand of disintegration (16)
Scrolls
 b - a scroll of teleportation
 e - 2 scrolls of identify
 k - a scroll of fear {unknown}
 l - a scroll of blinking {unknown}
 n - a scroll of remove curse
Potions
 d - a potion of might


   Skills:
 - Level 3.6 Fighting
 + Level 8.4 Polearms
 - Level 3.6 Armour
 - Level 3.6 Shields


You had 5 spell levels left.
You didn't know any spells.
Your spell library was empty.

Dungeon Overview and Level Annotations

Branches:
Dungeon (4/15)
 Temple: D:4-7

Altars:


Innate Abilities, Weirdness & Mutations

You reflexively headbutt those who attack you in melee.
You have a pair of horns on your head.


Message History

You feel sick. Something hits you but does no damage.
You are more poisoned.
It was a potion of degeneration.
There was something very wrong with that liquid.
You feel weakened.
You feel dopey.
You feel clumsy.
* * * LOW HITPOINT WARNING * * *
You feel sick.
You hear some strange, mumbled words.
A puff of flame appears from out of thin air!
You block the puff of flame. Something hits you.
* * * LOW HITPOINT WARNING * * *
You are more poisoned.
Okay, then.
You completely miss something. Your headbutt misses something.
* * * LOW HITPOINT WARNING * * *
You feel sick.
You hear some strange, mumbled words.
A puff of flame appears from out of thin air!
The puff of flame hits you!
You die...

#.# ......#
#.#########.......
##########.##..............
.........##.....†......###
.........##.........)....#
.............##.##.....#.#
........<.......o........#
...........{†##+##.......#
.........###@#...#.......#
.............#...#.......#
.............#.S....######
...####.<....#o..#..#
.........##.#......#
..####.#...........#
####.#....#...#.##
..........#......#
........#.#...#.##


There were no monsters in sight!

Vanquished Creatures
  An ogre (D:4)
  An orc priest (D:3)
  Terence (D:2)
  An orc wizard (D:3)
  Robin (D:2)
  6 adders
  4 gnolls (D:3)
  3 oozes
  3 worms
  3 dart slugs
  2 leopard geckos (D:3)
  6 orcs (D:3)
  6 giant cockroaches
  11 goblins
  10 hobgoblins
  2 quokkas
  2 ball pythons (D:1)
  6 bats
  4 frilled lizards
  6 kobolds
  3 rats
82 creatures vanquished.

Notes
Turn   | Place    | Note
-------+----------+-------------------------------------------
     0 | D:1      | adizb the Minotaur Fighter began the quest for the Orb.
     0 | D:1      | Reached XP level 1. HP: 19/19 MP: 0/0
   138 | D:1      | Reached skill level 3 in Polearms
   191 | D:1      | Reached XP level 2. HP: 26/26 MP: 1/1
   272 | D:1      | Reached skill level 4 in Polearms
   487 | D:1      | Reached XP level 3. HP: 29/31 MP: 2/2
   999 | D:1      | You fall into a shaft and drop 1 floor!
   999 | D:2      | Noticed Terence
  1021 | D:2      | Killed Terence
  1022 | D:2      | Reached skill level 5 in Polearms
  1028 | D:2      | Reached XP level 4. HP: 27/39 MP: 3/3
  1112 | D:2      | Noticed Robin
  1118 | D:2      | Killed Robin
  1462 | D:2      | Reached skill level 6 in Polearms
  1693 | D:3      | Reached XP level 5. HP: 45/45 MP: 4/4
  1974 | D:3      | Reached skill level 7 in Polearms
  2342 | D:3      | Reached XP level 6. HP: 51/51 MP: 5/5
  2671 | D:4      | Reached skill level 8 in Polearms
  2711 | D:4      | HP: 2/51 [poisoned by an orc wizard]
  2711 | D:4      | Killed from afar by an orc wizard

Illustrated notes

Levels and vault maps discovered:
D:1:      scummos_arrival_gate, layout_loops_ring
D:2:      layout_basic, uniq_terence, uniq_robin
D:3:      layout_basic
D:4:      minmay_angry_zag, layout_basic, minitemple, serial_shops,
          nicolae_shop_behind_doors, minmay_misc_feat_tiny,
          hangedman_decor_peaks_small, nicolae_dithmenos_through_a_glass_darkly

Skill      XL: |  1  2  3  4  5  6 |
---------------+-------------------+-----
Polearms       | 3 4 5 6 7 8 |  8.4
Fighting       | |  3.6
Armour         | |  3.6
Shields        | |  3.6

Action                   |  1- 3 |  4- 6 || total
-------------------------+-------+-------++-------
Melee: Trident           |    74 |   190 ||   264
       Headbutt          |     5 |    16 ||    21
       Unarmed           |    15 |       ||    15
  Use: Scroll            |     5 |     1 ||     6
       Potion            |     2 |     2 ||     4
Armor: Scale mail        |    20 |       ||    20
       Skin              |     4 |       ||     4
       Ring mail         |       |    35 ||    35
Dodge: Dodged            |    34 |    36 ||    70
Block: Kite shield       |    24 |    87 ||   111
